 Dungeon Crawl Stone Soup version 0.20-a0-1122-gb7cbeb9 (webtiles) character file.

89 anfisbena the Skirmisher (level 4, 0/25 HPs)
             Began as a Vine Stalker Fighter on May 14, 2017.
             Slain by Crazy Yiuf
             ... wielding a +2 quarterstaff of chaos
              (1 damage)
             ... on level 2 of the Dungeon.
             The game lasted 00:01:57 (1951 turns).

anfisbena the Skirmisher (Vine Stalker Fighter)     Turns: 1951, Time: 00:01:59

Health: 0/25       AC:  6    Str: 18    XL:     4   Next: 55%
Magic:  0/5        EV:  6    Int:  8    God:
Gold:   59         SH:  8    Dex: 15    Spells: 3/3 levels left

rFire    . . .     SeeInvis .   a - +0 long sword
rCold    . . .     Gourm    .   c - +0 shield
rNeg     . . .     Faith    .   b - +0 scale mail
rPois    .         Spirit   +   (no helmet)
rElec    .         Reflect  .   (no cloak)
rCorr    .         Harm     .   (no gloves)
MR       .....                  (no boots)
Stlth    ..........             (no amulet)
Regen    0.5/turn               (no ring)
MPRegen  0.1/turn               (no ring)

@: lethally poisoned (0 -> 0), drained
A: fangs 2, regeneration 1, magic shield, antimagic bite, no potion heal 3, rot
immunity
a: no special abilities


You were on level 2 of the Dungeon.
You were not hungry.

You visited 1 branch of the dungeon, and saw 2 of its levels.

You collected 59 gold pieces.

Inventory:

Hand Weapons
 a - a +0 long sword (weapon)
Armour
 b - a +0 scale mail (worn)
 c - a +0 shield (worn)
 o - a scarf of repulsion
Scrolls
 e - 5 scrolls of identify {unknown}
 i - 2 scrolls of enchant armour {unknown}
 k - 2 scrolls of teleportation {unknown}
 l - a scroll of remove curse {unknown}
 r - a scroll of blinking {unknown}
Potions
 d - a potion of might
 j - a potion of flight {unknown}
 m - a potion of curing
 n - a potion of ambrosia {unknown}
 q - a potion of brilliance {unknown}
 s - a potion of mutation {unknown}
Comestibles
 f - 3 bread rations
 g - 2 chunks of flesh
 h - 4 royal jellies
 p - a meat ration


   Skills:
 + Level 3.9(2.7) Fighting
 + Level 3.1(2.0) Long Blades
 - Level 2.4(1.3) Armour
 - Level 2.6(1.6) Shields


You had 3 spell levels left.
You didn't know any spells.

Dungeon Overview and Level Annotations

Branches:
Dungeon (2/15)

Altars:
Qazlal
Trog
Zin

Annotations:
D:2 Crazy Yiuf


Innate Abilities, Weirdness & Mutations

You have extremely sharp teeth.
Your natural rate of healing is unusually fast.
When hurt, damage is shared between your health and your magic reserves.
Your bite disrupts and absorbs the magic of your enemies.
Potions cannot restore your health.
You are immune to rotting.


Message History

Crazy Yiuf barely misses you.
You hit Crazy Yiuf.
Crazy Yiuf is heavily wounded.
Crazy Yiuf hits you with a quarterstaff of chaos.
* * * LOW HITPOINT WARNING * * *
Crazy Yiuf burns you.
* * * LOW HITPOINT WARNING * * *
Crazy Yiuf cries, "Castle eyeball green!"
Crazy Yiuf hits you with a quarterstaff of chaos.
* * * LOW HITPOINT WARNING * * *
You feel drained.
You slash Crazy Yiuf! You bite Crazy Yiuf. You drain his power.
You feel invigorated.
Crazy Yiuf is almost dead.
You feel sick.
Crazy Yiuf twirls on the spot.
Crazy Yiuf hits you with a quarterstaff of chaos!
* * * LOW HITPOINT WARNING * * *
You feel drained.
You die...

###.###....#
#....# #..#
.........###
♣..P.♣ #..#
....###.##
♣♣PP.♣ #..#
##...##.# ♣♣.♣♣
#..# ........#
♣♣.♣ #..#
##..(#..####
♣.♣♣ #..#
##.##..##.#
♣♣.♣ #..#
#........# ♣.♣♣
#..# #.##..##.#
#@# ##.#
#.......>#
#.g.# #.#
###......#
#...# #.#
#####..#####
#)..# #.#
...........#
##### ##.#
...........#
#..#
#####.#########
#### #)# #...#
#.# ##..###


You could see Crazy Yiuf.

Vanquished Creatures
  2 adders (D:2)
  A worm (D:2)
  2 dart slugs
  4 leopard geckos
  4 ball pythons
  8 bats
  2 giant cockroaches
  3 goblins
  5 hobgoblins
  3 jackals (D:2)
  4 quokkas (D:2)
  3 frilled lizards
  7 kobolds
  7 rats
55 creatures vanquished.

Notes
Turn   | Place    | Note
-------+----------+-------------------------------------------
     0 | D:1      | anfisbena the Vine Stalker Fighter began the quest for the Orb.
     0 | D:1      | Reached XP level 1. HP: 11/11 MP: 2/2
    38 | D:1      | Reached XP level 2. HP: 7/16 MP: 1/3
   783 | D:1      | Reached XP level 3. HP: 20/20 MP: 4/4
  1134 | D:2      | Found a stormy altar of Qazlal.
  1265 | D:2      | Found a glowing silver altar of Zin.
  1278 | D:2      | Gained mutation: Your natural rate of healing is unusually fast. [Vine Stalker growth]
  1278 | D:2      | Reached XP level 4. HP: 11/25 MP: 5/5
  1573 | D:2      | Found a runed door.
  1812 | D:2      | Found a bloodstained altar of Trog.
  1938 | D:2      | Noticed Crazy Yiuf
  1951 | D:2      | HP: 1/25 [Crazy Yiuf/quarterstaff of chaos (4)]
  1951 | D:2      | Slain by Crazy Yiuf

Vault maps used:
D:1:      lightli_arrival_maybe_door_vault, kennysheep_crisscross,
          minmay_pentomino_z4
D:2:      zin_statuary, bloody_trog, nicolae_qazlal_general_emergency,
          uniq_crazy_yiuf_cottage

Skill      XL: |  1  2  3  4 |
---------------+-------------+-----
Long Blades    | 2 3 |  3.1
Fighting       | 3 |  3.9
Armour         | |  2.4
Shields        | |  2.6

Action                   |  1- 3 |  4- 6 || total
-------------------------+-------+-------++-------
Melee: Long sword        |    91 |    48 ||   139
       Bite              |    25 |    17 ||    42
  Eat: Chunk             |     1 |     3 ||     4
Armor: Scale mail        |    36 |    18 ||    54
Dodge: Dodged            |    36 |    23 ||    59
Block: Shield            |    65 |    17 ||    82
       Rpst.: Long sword |    13 |     8 ||    21
